 Dungeon Crawl Stone Soup version 0.18-a0-1745-gffa9a88 (webtiles) character file.

707 Duffy the Shield-Bearer (level 8, 58/58 HPs)
             Began as a Formicid Fighter on Apr 11, 2016.
             Was an Initiate of the Shining One.
             Quit the game on level 3 of the Dungeon.
             The game lasted 00:03:10 (2674 turns).

Duffy the Shield-Bearer (Formicid Fighter)          Turns: 2674, Time: 00:03:11

Health: 58/58      AC:  8    Str: 22    XL:     8   Next: 0%
Magic:  8/8        EV:  7    Int:  9    God:    the Shining One [......]
Gold:   90         SH: 10    Dex: 10    Spells: 0 memorised, 7 levels left

rFire  . . .     SeeInvis +     o - +0 hand axe (elec)
rCold  . . .     Gourm    .     k - +0 chain mail
rNeg   . . .     Faith    .     c - +0 shield
rPois  .         Spirit   .     (helmet unavailable)
rElec  .         Dismiss  .     (no cloak)
rCorr  .         Reflect  .     (no gloves)
SustAt .         Harm     .     (no boots)
MR     .....                    (no amulet)
Stlth  ..........               (no ring)
                                (no ring)

@: glowing, drained, not resistant to hostile enchantments, extremely unstealthy
A: permanent stasis, dig shafts and tunnels, four strong arms, antennae 3
a: Dig, Shaft Self, Renounce Religion


You were on level 3 of the Dungeon.
You worshipped the Shining One.
The Shining One was noncommittal.
You were very hungry.

You visited 1 branch of the dungeon, and saw 5 of its levels.

You collected 90 gold pieces.


Innate Abilities, Weirdness & Mutations

You are under a permanent stasis effect.
You can dig through walls and to a lower floor.
Your four strong arms can wield two-handed weapons with a shield.
You have a pair of large antennae on your head (SInv).


   Skills:
 - Level 3.2(2.2) Fighting
 + Level 5.9(4.7) Axes
 - Level 3.2(2.2) Armour
 + Level 7.9(6.7) Shields


You had 7 spell levels left.
You didn't know any spells.

Inventory:

Hand Weapons
 a - a +0 war axe
 o - a +0 hand axe of electrocution (weapon)
Armour
 b - a +0 scale mail
 c - a +0 shield (worn)
 k - a +0 chain mail (worn)
Jewellery
 m - an uncursed amulet of dismissal
Wands
 s - a wand of digging (12/24)
 t - a wand of confusion (30/48)
Scrolls
 e - 2 scrolls of noise {unknown}
 g - a scroll of recharging {unknown}
 h - 6 scrolls of identify {unknown}
 i - a scroll of amnesia {unknown}
Potions
 d - a potion of might
 j - a potion of invisibility {unknown}
 n - 2 potions of magic {unknown}
 p - 2 potions of flight {unknown}
 q - a potion of agility {unknown}
Books
 r - a Young Poisoner's Handbook
Comestibles
 f - 3 bread rations
 l - a meat ration
 u - 3 beef jerkies

Dungeon Overview and Level Annotations

Branches:
Dungeon (5/15)
 Temple: D:4-7

Altars:
Dithmenos
Fedhas
Kikubaaqudgha
Pakellas
Qazlal
The Shining One


Message History

You drop an uncursed amulet of harm.
Put on which piece of jewellery? (? for menu, Esc to quit)
Okay, then.
You slash the ooze!
The ooze is almost dead.
The ooze hits you but does no damage.
You hit the ooze.
There is a sudden explosion of sparks!
You kill the ooze!
No target in view!
No target in view!
A bat comes into view.
You block the bat's attack.
You hit the bat.
You kill the bat!
No target in view!
No target in view!
h - 6 scrolls labeled DOAM VYHYWE (gained 1)
You open the door.
A quokka comes into view.
Found a stormy altar of Qazlal.
You block the quokka's attack.
You miss the quokka. You block the quokka's attack. x2
You barely miss the quokka. You block the quokka's attack.
You barely miss the quokka. You block the quokka's attack.
You closely miss the quokka. The quokka bites you.
You barely miss the quokka. You block the quokka's attack. x2
You hit the quokka.
There is a sudden explosion of sparks!
You kill the quokka!
You have reached level 8!
You feel clever.
Found a club.
There is a stormy altar of Qazlal here.
You are feeling very hungry.
Found 12 poisoned needles.
Are you sure you want to abandon this character and quit the game? (Confirm with "yes".)

###### #....#
####################.##.#
.........................
#...............#.##.#
##..#########.#.#.##.#
##..###.#.....#......#
#.....#.#.##..###.#..#
#.#.#@#...........#...
#.#...#............"..
#.#...#............... .
#..(##.............. #
#..###.............. ##.#
#....#'#######. ..
##....#.# #. ## #.....#.#
#. #.....#.# #.


There were no monsters in sight!

Action                   |  1- 3 |  4- 6 |  7- 9 || total
-------------------------+-------+-------+-------++-------
Melee: War axe           |    63 |    73 |       ||   136
       Hand axe          |       |    54 |    56 ||   110
  Eat: Chunk             |       |     4 |     1 ||     5

Notes
Turn   | Place    | Note
--------------------------------------------------------------
     0 | D:1      | Duffy the Formicid Fighter began the quest for the Orb.
     0 | D:1      | Reached XP level 1. HP: 18/18 MP: 1/1
    56 | D:1      | Reached XP level 2. HP: 24/24 MP: 2/2
    61 | D:1      | Reached skill level 4 in Shields
   219 | D:1      | Reached XP level 3. HP: 29/29 MP: 3/3
   776 | D:2      | Found an oddly glowing altar of Pakellas.
   823 | D:2      | Reached skill level 3 in Axes
   868 | D:2      | Found a blossoming altar of Fedhas.
   917 | D:2      | Reached XP level 4. HP: 35/35 MP: 4/4
  1128 | D:4      | Reached skill level 5 in Shields
  1485 | D:4      | Reached XP level 5. HP: 40/41 MP: 5/5
  1692 | D:5      | Entered Level 5 of the Dungeon
  1702 | D:5      | Reached skill level 4 in Axes
  1775 | D:5      | Found an ancient bone altar of Kikubaaqudgha.
  1778 | D:5      | Noticed an ogre
  1786 | D:5      | Killed an ogre
  1786 | D:5      | Reached skill level 6 in Shields
  1786 | D:5      | Reached XP level 6. HP: 23/47 MP: 6/6
  1948 | D:5      | Found a shadowy altar of Dithmenos.
  2058 | D:5      | Found a glowing golden altar of the Shining One.
  2110 | D:5      | Reached XP level 7. HP: 48/52 MP: 7/7
  2118 | D:5      | Became a worshipper of the Shining One
  2127 | D:5      | Reached skill level 5 in Axes
  2129 | D:5      | Reached skill level 7 in Shields
  2273 | D:4      | Noticed namelastname112's ghost (amateur DrAK)
  2295 | D:4      | Killed namelastname112's ghost
  2610 | D:3      | Found a stormy altar of Qazlal.
  2619 | D:3      | Reached XP level 8. HP: 54/58 MP: 8/8
  2674 | D:3      | Quit the game

Vault maps used:
D:1:      minmay_arrival_glassed_features
D:2:      lemuel_round_altar, grunt_gozag_statues, lemuel_doored_altar,
          lemuel_coloured_pillars_altar, first_bread, uniq_crazy_yiuf_cottage
D:3:      nicolae_qazlal_eye_of_the_storm
D:4:      tgw_trog, minmay_temple_entry_junction
D:5:      nicolae_tso_besieged_by_evil, lemuel_round_altar, basic_altar

Vanquished Creatures
  The ghost of namelastname112 the Abyss-Baptised, an amateur DrAK of Lugonu
  An ogre
  A crimson imp
  A hound
  A giant frog zombie
  A giant frog skeleton
  An iguana
  3 orc wizards
  3 worker ants
  2 adders
  A shadow imp
  3 oozes
  3 worms
  2 dart slugs
  A giant gecko
  9 orcs
  4 bats
  2 giant cockroaches
  3 goblins
  4 hobgoblins
  2 jackals
  6 kobolds
  2 quokkas
  3 giant newts
  2 goblin skeletons
  A goblin zombie
  3 hobgoblin zombies
  A jackal skeleton
  A kobold zombie
  An orc skeleton
  An orc zombie
  4 rats
74 creatures vanquished.
